 Dungeon Crawl Stone Soup version 0.31-a0-1144-g99969ba1bc (webtiles) character file.

Game seed: 15224181450185184165

324 Flugkiller the Chopper (level 6, -7/52 HPs)
             Began as a Demigod Fighter on Dec 6, 2023.
             Mangled by a river rat (8 damage)
             ... in a sewer.
             The game lasted 00:04:24 (2548 turns).

Flugkiller the Chopper (Demigod Fighter)            Turns: 2548, Time: 00:04:24

Health: -7/52      AC:  3    Str: 25    XL:     6   Next: 2%
Magic:  8/8        EV:  9    Int: 10    God:
Gold:   40         SH:  5    Dex: 13    Spells: 5/5 levels left

rFire   + + .        a - +0 war axe
rCold   + . .        c - +1 buckler
rNeg    . . .        b - +0 scale mail
rPois   +            (no helmet)
rElec   +            (no cloak)
rCorr   +            (no gloves)
SInv    .            (no boots)
Will    .....        (no amulet) Stlth
                     p - ring of protection from fire
HPRegen 0.28/turn    (no ring)
MPRegen 0.11/turn

%: no passive effects
@: silenced, resistant, corroded, attractive
A: high MP 1, forlorn, divine attributes
a: no special abilities


You were in a sewer.
You visited 1 branch of the dungeon, and saw 4 of its levels.
You also visited: Sewer.

You collected 187 gold pieces.
You spent 147 gold pieces at shops.

Inventory:

Hand Weapons
 a - a +0 war axe (weapon)
Armour
 b - a +0 scale mail (worn)
 c - a +1 buckler (worn)
 n - a scarf of shadows
   (You found it on level 2 of the Dungeon)
Jewellery
 f - a ring of magical power
   (You found it on level 1 of the Dungeon)
 p - a ring of protection from fire (left hand)
   (You found it on level 2 of the Dungeon)
 v - an amulet of reflection
   (You found it on level 2 of the Dungeon)
Scrolls
 i - a scroll of brand weapon
 j - a scroll of fear
 k - 2 scrolls of noise
 m - a scroll of vulnerability
 q - 3 scrolls of enchant armour
 t - a scroll of teleportation
 u - a scroll of poison {unknown}
 x - a scroll of fog {unknown}
 z - a scroll of blinking
Potions
 d - 3 potions of might
 e - 3 potions of mutation
 g - a potion of ambrosia {unknown}
 h - a potion of brilliance
 o - a potion of heal wounds {unknown}
 w - 2 potions of degeneration
 A - 5 potions of enlightenment


   Skills:
 + Level 3.9 Fighting
 * Level 4.4 Axes
 + Level 3.9 Armour
 - Level 2.6 Shields


You had 5 spell levels left.
You didn't know any spells.
Your spell library contained the following spells:

 Spells                   Type           Power      Damage    Failure   Level
 Apportation              Tloc           0%         N/A       71%         1
 Necrotise                Necr           0%         1d4       71%         1
 Summon Small Mammal      Summ           0%         N/A       71%         1
 Animate Dead             Necr           0%         N/A       100%        4
 Borgnjor's Vile Clutch   Necr/Erth      0%         N/A       100%        5
 Death Channel            Necr           0%         N/A       100%        6


Dungeon Overview and Level Annotations

Branches:
Dungeon (4/15) Zot: 21907   Sewer (1/1) Zot: 5347
 Temple: D:4-7

Shops:
D:3 ?

Annotations:
D:3 1 runed translucent door, Xtruder99's ghost, amateur GnSh


Innate Abilities, Weirdness & Mutations

You have an increased reservoir of magic. (+10% MP)
You shall have no god before yourself.
Your divine heritage dramatically boosts your attributes as you level up.


Message History

The ball python bites you but does no damage.
The ball python constricts you.
You closely miss the ball python.
The ball python is moderately wounded.
The ball python bites you. The ball python constricts you.
You hit the ball python.
The ball python is heavily wounded.
The ball python bites you but does no damage.
The ball python constricts you. The ball python bites you.
The ball python constricts you.
You slash the ball python!
You kill the ball python!
No target in view!
You see here a ball python corpse.
No target in view!
You enter the shallow water.
Moving in this stuff is going to be slow.
You enter the shallow water.
Moving in this stuff is going to be slow.
You open the large door.
There is a large open door here.
A - a potion of enlightenment
A - 2 potions of enlightenment (gained 1)
A - 4 potions of enlightenment (gained 2)
A - 5 potions of enlightenment (gained 1)
There is a large open door here.
You open the large door.
There is a large open door here.
w - 2 potions of degeneration (gained 1)
B - a cyan potion
e - 3 potions of mutation (gained 1)
k - 2 scrolls of noise (gained 1)
There is a large open door here.
Found two gates leading back out of this place.
Unknown command.
As you open the large door, it creaks loudly! 2 river rats come into view.
A jelly comes into view.
The river rat moves out of view.
Okay, then.
You hit the jelly.
Your hands burn!
The jelly is lightly wounded.
The jelly hits you but does no damage.
You hit the jelly.
Your hands burn!
The jelly is moderately wounded.
The jelly hits you.
You are splashed with acid!
You hit the jelly.
Your hands burn!
The jelly is heavily wounded.
You closely miss the river rat. You block the jelly's attack.
The river rat completely misses you. The river rat closely misses you.
The jelly hits you but does no damage.
You hit the jelly.
Your hands burn!
The jelly is almost dead.
You slash the river rat! The jelly hits you. The acid corrodes you!
You are splashed with acid!
The river rat bites you but does no damage.
You are too injured to fight recklessly!
You are too injured to fight recklessly!
You are too injured to fight recklessly!
You are too injured to fight recklessly!
The jelly attacks as it pursues you! The jelly hits you. The acid corrodes you!
You are splashed with acid!
* * * LOW HITPOINT WARNING * * *
Blink to where?
Press: ? - help, Dir - move target
As you read the scroll of blinking, it crumbles to dust.
You aren't carrying any items that you can evoke.
Unknown command.
Unknown command.
As you read the scroll of identify, it crumbles to dust.
m - a scroll of vulnerability
As you read the scroll labelled PETEDU OSTA, it crumbles to dust.
A profound silence engulfs you.
It was a scroll of silence.
You aren't carrying any items that you can evoke.
Unknown command.
It was a potion of resistance.
You feel protected.
It was a potion of attraction.
You feel attractive to monsters. The river rat is attracted toward you.
The jelly is attracted toward you. The river rat is attracted toward you.
You hit the river rat but do no damage.
The river rat is severely wounded.
The river rat closely misses you.
You hit the river rat but do no damage.
The river rat is severely wounded.
You slash the jelly!
You kill the jelly!
The river rat bites you.
* * * LOW HITPOINT WARNING * * *
The river rat closely misses you. The river rat bites you.
* * * LOW HITPOINT WARNING * * *
You have reached level 6!
Your experience leads to a dramatic increase in your attributes!
Increase (S)trength, (I)ntelligence, or (D)exterity?
You feel stronger. x4
You closely miss the river rat.
The river rat is severely wounded.
You hit the river rat. The river rat bites you!
You die...

##############################
~~..~~~~~~~~~~.~.~~.~~~≈≈≈≈≈≈≈
≈≈≈≈≈≈≈≈≈≈≈≈≈≈≈≈≈≈≈≈≈≈~≈≈≈≈≈≈≈
~~~~~~~~~~~~~~~~~~~~~≈~≈≈≈≈≈≈≈
####################~≈~#######
#### ###### #~≈~# #... #....#
#~≈.# #####'r#####''#####~≈~#
#∩............r@~~~~~~#
#∩............r.~~~~~~#
#####++#####''#####~≈~# #....#
#~≈.# ###### #~≈~# #######
#####~≈~###.....##
~~~~~~≈~##........
≈≈≈≈≈~≈~####...... ~~~.~~≈~#
###....


You could see 2 river rats.

Vanquished Creatures
  A brain worm (Sewer)
  A jelly (Sewer)
  Jessica (D:2)
  A scorpion zombie (D:3)
  A hound zombie (D:3)
  6 adders
  2 river rats
  3 worms (D:4)
  An orc (D:4)
  6 ball pythons
  11 endoplasms
  A giant cockroach (D:2)
  5 goblins
  11 hobgoblins
  2 jackals (Sewer)
  3 quokkas
  6 bats
  2 frilled lizards
  A jackal zombie (D:3)
  8 kobolds
  A quokka skeleton (D:3)
  9 rats
83 creatures vanquished.

Notes
Turn   | Place    | Note
-------+----------+-------------------------------------------
     0 | D:1      | Flugkiller the Demigod Fighter began the quest for the Orb.
     0 | D:1      | Reached XP level 1. HP: 18/18 MP: 3/3
    74 | D:1      | Reached skill level 2 in Axes
   187 | D:1      | Reached XP level 2. HP: 25/25 MP: 4/4
   629 | D:2      | Reached XP level 3. HP: 30/31 MP: 5/5
   753 | D:2      | Noticed Jessica
   765 | D:2      | Reached skill level 3 in Axes
   767 | D:2      | Killed Jessica
   768 | D:2      | Reached XP level 4. HP: 33/38 MP: 6/6
  1416 | D:3      | Found Runausayb's Magic Scroll Boutique.
  1582 | D:3      | Bought a scroll of blinking for 105 gold pieces
  1582 | D:3      | Bought a scroll of teleportation for 42 gold pieces
  1592 | D:3      | Found a runed translucent door.
  1592 | D:3      | Noticed Xtruder99's ghost (amateur GnSh)
  1852 | D:4      | Reached XP level 5. HP: 27/45 MP: 7/7
  1946 | D:4      | Found a glowing drain.
  1974 | Sewer    | Entered a sewer
  2152 | Sewer    | Reached skill level 4 in Axes
  2547 | Sewer    | HP: 1/46 [river rat (4)]
  2548 | Sewer    | Reached XP level 6. HP: 1/52 MP: 8/8
  2548 | Sewer    | Mangled by a river rat

Illustrated notes

Levels and vault maps discovered:
D:1:      saegor_arrival_simple_b, layout_basic
D:2:      layout_rooms, dk_vineyard_2, dreamdust_mushroom_princess, uniq_jessica
D:3:      layout_rooms, mainiacjoe_overflow_divided_tiny,
          nicolae_overflow_squiral, mainiacjoe_overflow_alcove_1,
          gammafunk_ghost_grave, serial_shops, shop, serial_undead,
          serial_undead_b, serial_undead_a, serial_undead_e, serial_undead_c,
          serial_undead_a
D:4:      layout_loops_corners, gup_sewer_entry_spiral,
          kennysheep_generic_room_3
Sewer:    sewer_fruit_machine

Skill      XL: |  1  2  3  4  5 |
---------------+----------------+-----
Axes           | 2 3 4 |  4.4
Fighting       | 3 |  3.9
Armour         | 3 |  3.9
Shields        | |  2.6

Action                     |  1- 3 |  4- 6 || total
---------------------------+-------+-------++-------
  Melee: War axe           |   136 |   165 ||   301
    Use: Scroll            |     2 |     8 ||    10
         Potion            |       |     6 ||     6
 Armour: Scale mail        |    79 |   160 ||   239
  Dodge: Dodged            |    59 |    87 ||   146
  Block: Buckler           |    34 |    58 ||    92

Table legend: (Time is in decaauts)
 A = Elapsed time spent in this place.
 B = Non-inter-level travel time spent in this place.
 C = Inter-level travel time spent in this place.
 D = Time resting spent in this place.
 E = Time spent auto-exploring this place.
 F = Levels seen in this place.
 G = Mean time per level.
                   A        B        C        D        E       F      G
               +--------+--------+--------+--------+--------+-----+--------+
         Total |   2743 |   2672 |     71 |    478 |   1258 |   5 |  548.6 |
       Dungeon |   2092 |   2021 |     71 |    195 |   1090 |   4 |  523.0 |
         Sewer |    650 |    650 |      0 |    283 |    168 |   1 |  650.0 |
               +--------+--------+--------+--------+--------+-----+--------+

Top non-repeatable levels by time:
     D:2: 651 daAuts
   Sewer: 650 daAuts
     D:1: 649 daAuts
     D:3: 484 daAuts
     D:4: 307 daAuts
